 Dungeon Crawl Stone Soup version 0.29.1-15-g9cfb28693d (webtiles) character file.

Game seed: 6418891624535439392

67 adizb the Shooter (level 3, -1/20 HPs)
             Began as a Deep Elf Hunter on Apr 18, 2023.
             Was a Follower of Makhleb.
             Slain by a gnoll
             ... wielding a +0 flail
              (9 damage)
             ... on level 2 of the Dungeon.
             The game lasted 00:05:39 (836 turns).

adizb the Shooter (Deep Elf Hunter)                  Turns: 836, Time: 00:05:40

Health: -1/20      AC:  4    Str:  8    XL:     3   Next: 98%
Magic:  5/5        EV: 12    Int: 13    God:    Makhleb [*.....]
Gold:   78         SH:  0    Dex: 20    Spells: 2/2 levels left

rFire   . . .      SeeInvis .   a - +0 shortbow
rCold   . . .      Faith    .   (shield currently unavailable)
rNeg    . . .      Spirit   .   c - +0 leather armour
rPois   .          Reflect  .   (no helmet)
rElec   .          Harm     .   (no cloak)
rCorr   .          Rampage  .   e - +0 pair of gloves
Will    .....                   (no boots)
Stlth   ++........              (no amulet)
HPRegen 0.06/turn               (no ring)
MPRegen 0.09/turn               (no ring)

@: no status effects
A: no striking features
a: Renounce Religion


You were on level 2 of the Dungeon.
You worshipped Makhleb.
Makhleb was aware of your devotion.
You visited 1 branch of the dungeon, and saw 2 of its levels.

You collected 78 gold pieces.

Inventory:

Hand Weapons
 a - a +0 shortbow (weapon)
Armour
 c - a +0 leather armour (worn)
 e - a +0 pair of gloves (worn)
Scrolls
 b - a scroll of magic mapping
Potions
 d - a potion of magic
 f - a potion of haste {unknown}
 g - a potion of might {unknown}
 h - a potion of cancellation {unknown}


   Skills:
 - Level 1.5 Fighting
 * Level 6.8 Ranged Weapons
 - Level 2.4 Dodging
 + Level 2.9 Stealth


You had 2 spell levels left.
You didn't know any spells.
Your spell library was empty.

Dungeon Overview and Level Annotations

Branches:
Dungeon (2/15)

Altars:
Makhleb


Message History

Makhleb accepts your kill.
You feel better.
Things that are here:
a rat corpse; a frilled lizard corpse; a frilled lizard corpse
Things that are here:
a rat corpse; a frilled lizard corpse; a frilled lizard corpse As you open the door, it creaks loudly! 4 gnolls and a rat come into view.
A gnoll is wielding a +2 flail of venom.
The gnoll shouts! x2; You hear a shout! x2
A gnoll comes into view. It is wielding a +0 flail. x2
The gnoll moves out of view.
You hear a shout!
The gnoll shouts! x2
Found a ring mail and a dagger.
Found a stone staircase leading down.
Okay, then.
Fire: a) +0 shortbow
Press: ? - help, Shift-Dir - straight line, f - gnoll
Aim: a gnoll, wielding a +0 spear (69% to hit)
You shoot an arrow. The arrow closely misses the gnoll.
The arrow hits the gnoll.
The gnoll is lightly wounded.
You hear a shout!
A gnoll comes into view. It is wielding a +0 spear.
You shoot an arrow. The arrow hits the gnoll!
The gnoll is heavily wounded.
You hear a shout!
The gnoll closely misses you.
You shoot an arrow. The arrow hits the gnoll.
The gnoll is almost dead.
The gnoll barely misses you.
You shoot an arrow. The arrow hits the gnoll.
You kill the gnoll!
Makhleb accepts your kill. The gnoll hits you with a +0 flail!
The gnoll hits you from afar with a +0 spear.
Okay, then.
Okay, then.
The gnoll attacks as you move away! The gnoll hits you but does no damage.
The gnoll attacks as you move away! The gnoll hits you with a +0 flail!
You die...

#.##.# #.##.# +
#.##.# ..
#.##.# ...
+.##.#### ...g
####....# >....
#.##.#
.....g#######.#
...[.rg.gg@...#
.....g#########
..... .... ..)
.. #


You could see 5 gnolls and a rat.

Vanquished Creatures
  A gnoll (D:2)
  2 dart slugs
  6 endoplasms
  3 giant cockroaches
  4 goblins
  6 hobgoblins
  4 jackals (D:1)
  A quokka (D:2)
  3 ball pythons
  2 bats (D:1)
  11 frilled lizards
  9 rats
52 creatures vanquished.

Vanquished Creatures (others)
  12 plants (D:1)
12 creatures vanquished.

Grand Total: 64 creatures vanquished

Notes
Turn   | Place    | Note
-------+----------+-------------------------------------------
     0 | D:1      | adizb the Deep Elf Hunter began the quest for the Orb.
     0 | D:1      | Reached XP level 1. HP: 12/12 MP: 3/3
    40 | D:1      | Reached XP level 2. HP: 13/16 MP: 4/4
   146 | D:1      | Reached skill level 6 in Ranged Weapons
   440 | D:1      | Reached XP level 3. HP: 20/20 MP: 5/5
   508 | D:1      | Found a faded altar of an unknown god.
   516 | D:1      | Prayed at the altar of an unknown god.
   516 | D:1      | Became a worshipper of Makhleb the Destroyer
   516 | D:1      | Reached * piety under Makhleb
   836 | D:2      | Slain by a gnoll

Illustrated notes

Levels and vault maps discovered:
D:1:      eino_arrival_tree_alley, layout_rooms, ebering_ecumenical_altar_mist,
          serial_bayou_lagoon_a, minmay_lizard_king
D:2:      layout_basic, minmay_bisected

Skill      XL: |  1  2 |
---------------+-------+-----
Stealth        | 2 |  2.9
Ranged Weapons | 6 |  6.8
Fighting       | |  1.5
Dodging        | |  2.4

Action                   || total
-------------------------++-------
 Fire: Shortbow          ||   108
  Use: Scroll            ||     2
Armor: Leather armour    ||     9
Dodge: Dodged            ||    16
